 Dungeon Crawl Stone Soup version 0.29.1-14-g9c671dbff4 (webtiles) character file.

Game seed: 6222439641162692511

640 Ast3rio the Covered (level 7, -5/61 HPs)
             Began as a Hill Orc Fighter on Feb 16, 2023.
             Was an Initiate of Beogh.
             Slain by a gnoll
             ... wielding a +0 flail
              (9 damage)
             ... on level 5 of the Dungeon on Feb 17, 2023.
             The game lasted 00:10:01 (4623 turns).

Ast3rio the Covered (Hill Orc Fighter)              Turns: 4623, Time: 00:10:02

Health: -5/61      AC: 11    Str: 21    XL:     7   Next: 51%
Magic:  7/7        EV: 10    Int:  8    God:    Beogh [......]
Gold:   239        SH:  4    Dex: 10    Spells: 6/6 levels left

rFire   . . .      SeeInvis .   k - +2 dagger (venom)
rCold   . . .      Faith    .   c - +0 buckler
rNeg    . . .      Spirit   .   b - +0 scale mail
rPois   .          Reflect  .   q - +2 hat
rElec   .          Harm     .   (no cloak)
rCorr   .          Rampage  .   y - +1 pair of gloves
Will    .....                   (no boots)
Stlth   ..........              (no amulet)
HPRegen 0.20/turn               (no ring)
MPRegen 0.10/turn               (no ring)

@: lethally poisoned (-5 -> -12)
A: no striking features
a: Renounce Religion


You were on level 5 of the Dungeon.
You worshipped Beogh.
Beogh was noncommittal.
You visited 1 branch of the dungeon, and saw 5 of its levels.

You collected 239 gold pieces.

Inventory:

Hand Weapons
 a - a +0 war axe
 g - a +0 hand axe of electrocution
 k - a +2 dagger of venom (weapon)
 w - a +2 flail of protection
Missiles
 p - a throwing net (quivered)
Armour
 b - a +0 scale mail (worn)
 c - a +0 buckler (worn)
 q - a +2 hat (worn)
 y - a +1 pair of gloves (worn)
Magical Staves
 h - a staff of fire
Jewellery
 t - a ring of magical power
Scrolls
 f - a scroll of immolation {unknown}
 i - 2 scrolls of enchant armour {unknown}
 l - a scroll of noise {unknown}
 m - a scroll of vulnerability {unknown}
 n - 3 scrolls of identify {unknown}
 o - a scroll of blinking {unknown}
 r - 4 scrolls of magic mapping {unknown}
 s - 2 scrolls of fear {unknown}
 x - a scroll of acquirement {unknown}
Potions
 d - a potion of might
 e - 2 potions of ambrosia {unknown}
 j - 2 potions of resistance {unknown}
 u - a potion of degeneration {unknown}
 v - a potion of experience {unknown}
 z - a potion of berserk rage {unknown}
 A - a potion of invisibility {unknown}
 B - a potion of flight {unknown}


   Skills:
 + Level 5.0 Fighting
 + Level 2.6 Short Blades
 + Level 4.2 Axes
 + Level 6.1 Armour
 + Level 2.0 Dodging
 + Level 0.6 Stealth
 + Level 4.3 Shields


You had 6 spell levels left.
You didn't know any spells.
Your spell library contained the following spells:

 Spells                   Type           Power      Damage    Failure   Level
 Ensorcelled Hibernation  Hex/Ice        0%         N/A       91%         2
 Conjure Flame            Conj/Fire      0%         6-21      99%         3
 Ignite Poison            Fire/Tmut/Pois 0%         N/A       99%         3
 Spider Form              Tmut/Pois      0%         N/A       99%         3
 Anguish                  Hex/Necr       0%         N/A       100%        4
 Sticky Flame             Conj/Fire      0%         2d3       100%        4


Dungeon Overview and Level Annotations

Branches:
Dungeon (5/15)
 Temple: D:4-7

Altars:
Cheibriados
Gozag
Kikubaaqudgha
Beogh

Shops:
D:4 :


Message History

The gnoll hits you with a +0 halberd!
The gnoll shouts!
You hit the gnoll.
The gnoll is severely wounded.
You feel sick.
You closely miss the gnoll.
The gnoll is severely wounded.
You feel sick. The gnoll closely misses you. x2
You hit the gnoll.
You kill the gnoll!
Beogh accepts your kill.
You feel sick. The gnoll closely misses you.
You feel sick.
The gnoll hits you with a +0 spear of venom.
You are more poisoned.
You see here a +0 halberd.
You feel very sick. The gnoll closely misses you.
The gnoll attacks as you move away! The gnoll closely misses you.
You feel sick. The gnoll barely misses you.
You feel sick. You block the gnoll's attack.
You feel sick.
The gnoll hits you with a +0 spear of venom.
* * * LOW HITPOINT WARNING * * *
You are lethally poisoned!
The gnoll hits you but does no damage.
You hit the gnoll but do no damage.
The gnoll is poisoned.
* * * LOW HITPOINT WARNING * * *
You feel very sick. You block the gnoll's attack. x2
You hit the gnoll.
The gnoll looks as sick as possible!
The gnoll is moderately wounded.
* * * LOW HITPOINT WARNING * * *
You feel very sick. The gnoll hits you but does no damage.
The gnoll barely misses you.
You closely miss the gnoll.
The gnoll is moderately wounded.
* * * LOW HITPOINT WARNING * * *
You feel sick. The gnoll barely misses you. The gnoll hits you with a +0 flail!
You die...

#.....).....#.#.#
#.............#.#
#..........##.#.#
####.....##...#.#
#...<.........#..
#......####.###..
####......#
#......
#####.........#
#####.#
.......@g.....#
#.#
#####.#g......#
#.#
.......)#######
#.# ######.#)#
#.# #........#
..# #.#.#...###
.# #.........#
######...## ##'.#


You could see 2 gnolls.

Vanquished Creatures
  An ogre (D:5)
  2 scorpions
  A howler monkey (D:5)
  A jelly (D:5)
  3 hounds
  3 iguanas
  2 orc wizards (D:5)
  2 gnolls (D:5)
  5 adders
  A shadow imp (D:3)
  A white imp (D:5)
  2 worms
  A dart slug (D:2)
  7 orcs
  4 ball pythons
  2 bat zombies (D:4)
  8 endoplasms
  5 giant cockroaches
  3 goblins
  2 hobgoblins
  5 kobolds
  6 bats
  2 frilled lizards
  2 rats
71 creatures vanquished.

Vanquished Creatures (others)
  An orc (D:3)
  A fungus (D:5)
2 creatures vanquished.

Grand Total: 73 creatures vanquished

Notes
Turn   | Place    | Note
-------+----------+-------------------------------------------
     0 | D:1      | Ast3rio the Hill Orc Fighter began the quest for the Orb.
     0 | D:1      | Reached XP level 1. HP: 19/19 MP: 1/1
    90 | D:1      | Reached XP level 2. HP: 10/27 MP: 2/2
   473 | D:1      | Found a faded altar of an unknown god.
   983 | D:2      | Reached XP level 3. HP: 19/33 MP: 3/3
  1236 | D:2      | You fall into a shaft and drop 1 floor!
  1277 | D:3      | Reached XP level 4. HP: 30/40 MP: 4/4
  1538 | D:3      | Found a roughly hewn altar of Beogh.
  1539 | D:3      | Became a worshipper of Beogh the Brigand
  1970 | D:3      | Reached skill level 4 in Armour
  2249 | D:3      | Found a snail-covered altar of Cheibriados.
  2249 | D:3      | Found an opulent altar of Gozag.
  2611 | D:4      | Reached XP level 5. HP: 46/47 MP: 5/5
  2632 | D:4      | Reached skill level 1 in Short Blades
  2780 | D:4      | Found Leapruek's Self-Improvement Boutique.
  2942 | D:4      | Reached skill level 1 in Dodging
  3207 | D:4      | Reached skill level 5 in Armour
  3207 | D:4      | Reached XP level 6. HP: 48/53 MP: 6/6
  3483 | D:4      | Found an ancient bone altar of Kikubaaqudgha.
  3614 | D:5      | Entered Level 5 of the Dungeon
  4062 | D:5      | Reached XP level 7. HP: 60/60 MP: 7/7
  4144 | D:5      | Reached skill level 5 in Fighting
  4144 | D:5      | Reached skill level 6 in Armour
  4623 | D:5      | Slain by a gnoll

Illustrated notes

Levels and vault maps discovered:
D:1:      nzn_arrival_depleted_hourglass, layout_rooms,
          ebering_ecumenical_altar_abandoned
D:2:      layout_basic, basic_altar, grunt_decor_one_mirror
D:3:      layout_basic, gammafunk_temple_overflow_elements,
          kennysheep_orc_chapel
D:4:      layout_basic, lemuel_zombie_altar_kikubaaqudgha,
          nicolae_shop_self_help
D:5:      layout_basic, minmay_temple_entry_junction, serial_aquarium,
          aquarium_bridge_square [aquarium_subvault_bridge,
          aquarium_subvault_bridge, aquarium_subvault_bridge,
          aquarium_subvault_bridge], aquarium_window_fake, aquarium_window_fake,
          aquarium_window_fake, aquarium_view_2c, kennysheep_pointless_box

Skill      XL: |  1  2  3  4  5  6  7 |
---------------+----------------------+-----
Axes           | 3 4 |  4.2
Fighting       | 4 5 |  5.0
Armour         | 4 5 6 |  6.1
Short Blades   | 1 2 |  2.6
Dodging        | 1 2 |  2.0
Shields        | 4 |  4.3
Stealth        | |  0.6

Action                   |  1- 3 |  4- 6 |  7- 9 || total
-------------------------+-------+-------+-------++-------
Melee: War axe           |    11 |       |       ||    11
       Hand axe          |    60 |       |       ||    60
       Dagger            |    14 |   146 |    46 ||   206
Invok: Convert to Beogh  |       |     1 |       ||     1
Armor: Scale mail        |    69 |    62 |    20 ||   151
Dodge: Dodged            |    50 |    74 |    24 ||   148
Block: Buckler           |    28 |    36 |    13 ||    77
